 Dungeon Crawl Stone Soup version 0.31-a0-844-gdc52ec4e09 (webtiles) character file.

Game seed: 14436684193905724809

102 Kurtz the Chopper (level 4, -1/31 HPs)
             Began as an Octopode Fighter on Oct 1, 2023.
             Slain by a shadow imp (4 damage)
             ... summoned by Eustachio
             ... on level 4 of the Dungeon.
             The game lasted 00:01:32 (1723 turns).

Kurtz the Chopper (Octopode Fighter)                Turns: 1723, Time: 00:01:32

Health: -1/31      AC:  1    Str: 17    XL:     4   Next: 78%
Magic:  4/4        EV: 13    Int: 10    God:
Gold:   59         SH:  4    Dex: 11    Spells: 3/3 levels left

rFire   . . .        a - +0 war axe
rCold   . . .        b - +0 buckler
rNeg    . . .        (helmet restricted)
rPois   .            f - amulet of the acrobat
rElec   .            (no ring)
rCorr   .            (no ring)
SInv    .            (no ring)
Will    .....        (no ring)
Stlth   ++           (no ring)
HPRegen 0.25/turn    (no ring)
MPRegen 0.09/turn    (no ring)
                     (no ring)

%: acrobat
@: no status effects
A: almost no armour, amphibious, 8 rings, camouflage 1, gelatinous body 1,
(nimble swimmer 1), tentacles
a: no special abilities


You were on level 4 of the Dungeon.
You visited 1 branch of the dungeon, and saw 4 of its levels.

You collected 59 gold pieces.

Inventory:

Hand Weapons
 a - a +0 war axe (weapon)
Missiles
 d - 6 javelins
Armour
 b - a +0 buckler (worn)
Jewellery
 f - an amulet of the acrobat (around mantle)
 i - a ring of fire
Scrolls
 e - a scroll of teleportation {unknown}
 j - 3 scrolls of identify {unknown}
 k - a scroll of enchant weapon {unknown}
Potions
 c - a potion of might
 g - a potion of curing {unknown}
 h - a potion of enlightenment {unknown}
 l - a potion of degeneration {unknown}
 m - a potion of haste {unknown}


   Skills:
 - Level 3.0 Fighting
 * Level 4.8 Axes
 - Level 3.0 Dodging
 - Level 3.0 Shields


You had 3 spell levels left.
You didn't know any spells.
Your spell library contained the following spells:

 Spells                   Type           Power      Damage    Failure   Level
 Magic Dart               Conj           0%         1d3       43%         1
 Call Imp                 Summ           0%         N/A       58%         2
 Mephitic Cloud           Conj/Pois/Air  0%         N/A       82%         3


Dungeon Overview and Level Annotations

Branches:
Dungeon (4/15)
 Temple: D:4-7

Altars:

Shops:
D:1 ?*[   D:4 ?:

Annotations:
D:4 Eustachio


Innate Abilities, Weirdness & Mutations

You cannot wear most types of armour.
You are amphibious.
You can wear up to eight rings at the same time.
Your skin changes colour to match your surroundings (Stealth+).
Your rubbery body absorbs attacks. (AC +1, EV +1)
((You are camouflaged when in or above water. (Stealth+)))
You have tentacles for arms and can constrict up to eight enemies at once.


Message History

No target in view!
You can access your shopping list by pressing '$'.
Key pressed, stopping explore.
Number of times to repeat, then command key: You must enter the number of times for the command to repeat.
You open the door.
There is an open door here.
Eustachio the Magnificent comes into view.
He is wielding a +2 falchion of flaming.
Found 3 stones.
Eustachio shouts!
Eustachio is nearby!
You slash Eustachio! You grab Eustachio.
Eustachio is moderately wounded.
You constrict Eustachio. You block Eustachio's attack.
Eustachio hits you with a +2 falchion of flaming!
Eustachio burns you.
You slash Eustachio!
Eustachio is severely wounded.
You constrict Eustachio, but do no damage.
Eustachio casts a spell.
Eustachio blinks free!
Unknown command.
Okay, then.
Eustachio casts a spell.
The white imp misses you.
You hit Eustachio. Your grab misses Eustachio. Your squeeze misses Eustachio.
Eustachio is almost dead.
You hit the shadow imp but do no damage.
You hit the white imp.
Eustachio mumbles some strange words.
The white imp hits you. The white imp freezes you. The shadow imp hits you.
You miss Eustachio. Your grab misses Eustachio. You squeeze Eustachio.
Eustachio is almost dead.
You barely miss the shadow imp. You hit the white imp but do no damage.
Eustachio hits you with a +2 falchion of flaming!
* * * LOW HITPOINT WARNING * * *
Eustachio burns you.
* * * LOW HITPOINT WARNING * * *
The white imp misses you. The shadow imp hits you.
You die...

.........#####.....
###+##......'.....
#.######..... #.#
#..... ##+#######.#
#..... #..........#
#.∩... #..........#
#..... #...5......#
#<.... #.rb@@.....#
#..... #...5......#
#..... #..........#
#..... #.......(..#
#..... #..........#
##+#+# ##+#######.#
... ##


You could see Eustachio, a river rat (summoned), a white imp (summoned), a
shadow imp (summoned) and a bat (summoned).

Vanquished Creatures
  A gnoll (D:4)
  An adder (D:2)
  2 dart slugs (D:1)
  10 orcs (D:3)
  2 ball pythons (D:3)
  8 endoplasms
  2 giant cockroaches (D:1)
  7 goblins
  A hobgoblin (D:1)
  9 jackals
  4 quokkas
  6 bats
  2 frilled lizards
  5 kobolds
  A rat (D:3)
61 creatures vanquished.

Notes
Turn   | Place    | Note
-------+----------+-------------------------------------------
     0 | D:1      | Kurtz the Octopode Fighter began the quest for the Orb.
     0 | D:1      | Reached XP level 1. HP: 16/16 MP: 1/1
    35 | D:1      | Reached XP level 2. HP: 20/21 MP: 2/2
   110 | D:1      | Reached skill level 3 in Axes
   155 | D:1      | Found Hewuibloo's Assorted Antiques.
   169 | D:1      | Reached XP level 3. HP: 26/26 MP: 3/3
   236 | D:1      | Found Dakuij's Magic Scroll Shoppe.
   560 | D:1      | Found Wadghiqa's Armour Emporium.
   784 | D:2      | Reached skill level 4 in Axes
   829 | D:2      | You fall into a shaft and drop 1 floor!
   885 | D:3      | Reached XP level 4. HP: 16/31 MP: 4/4
   959 | D:3      | HP: 1/31 [orc/+0 flail (6)]
  1124 | D:3      | Found a faded altar of an unknown god.
  1549 | D:4      | Found Vowaur's Book Boutique.
  1691 | D:4      | Found Lish's Magic Scroll Shoppe.
  1714 | D:4      | Noticed Eustachio
  1723 | D:4      | Slain by a shadow imp

Illustrated notes

Levels and vault maps discovered:
D:1:      ncdulo_lavacross, layout_basic, serial_shops,
          nicolae_shop_rolling_square, shop, shop
D:2:      layout_basic
D:3:      layout_basic, hellmonk_ecumenical_altar_run_dry
D:4:      layout_basic, minitemple, serial_shops, shop, shop, shop, shop,
          uniq_eustachio

Skill      XL: |  1  2  3 |
---------------+----------+-----
Axes           | 3 4 |  4.8
Fighting       | |  3.0
Dodging        | |  3.0
Shields        | |  3.0

Action                     |  1- 3 |  4- 6 || total
---------------------------+-------+-------++-------
  Melee: War axe           |    58 |    51 ||   109
         Constrict         |    12 |    15 ||    27
         Tentacles         |     9 |     7 ||    16
    Use: Potion            |       |     1 ||     1
   Stab: Sleeping          |     4 |     3 ||     7
 Armour: Skin              |    27 |    23 ||    50
  Dodge: Dodged            |    45 |    40 ||    85
  Block: Buckler           |    15 |     8 ||    23

Table legend: (Time is in decaauts)
 A = Elapsed time spent in this place.
 B = Non-inter-level travel time spent in this place.
 C = Inter-level travel time spent in this place.
 D = Time resting spent in this place.
 E = Time spent auto-exploring this place.
 F = Levels seen in this place.
 G = Mean time per level.
                   A        B        C        D        E       F      G
               +--------+--------+--------+--------+--------+-----+--------+
         Total |   1759 |   1663 |     96 |    216 |   1080 |   4 |  439.8 |
       Dungeon |   1759 |   1663 |     96 |    216 |   1080 |   4 |  439.8 |
               +--------+--------+--------+--------+--------+-----+--------+

Top non-repeatable levels by time:
     D:3: 848 daAuts
     D:1: 794 daAuts
     D:4: 65 daAuts
     D:2: 51 daAuts
